 Dungeon Crawl Stone Soup version 0.18-a0-1637-g109f206 (webtiles) character file.

23340 Omaping the Severer (level 13, -6/119 HPs)
             Began as a Hill Orc Fighter on Mar 25, 2016.
             Was a High Priest of Trog.
             Mangled by a hellwing (8 damage)
             ... summoned by an orc sorcerer
             ... on level 2 of the Orcish Mines on Mar 26, 2016.
             The game lasted 02:39:51 (16577 turns).

Omaping the Severer (Hill Orc Fighter)             Turns: 16577, Time: 02:39:52

Health: -6/119     AC: -2    Str: 33    XL:     13   Next: 6%
Magic:  13/13      EV:  9    Int: 10    God:    Trog [*****.]
Gold:   1349       SH:  0    Dex:  9    Spells: 0 memorised, 12 levels left

rFire  + . .     SeeInvis .     c - +4 battleaxe (freeze)
rCold  + . .     Gourm    +     L - +5 chain mail of Eggu {rF+ Str+5 Int+2 Dex-2}
rNeg   . . .     Faith    .     (shield currently unavailable)
rPois  .         Spirit   .     r - +0 helmet
rElec  .         Dismiss  .     d - +0 cloak
rCorr  .         Reflect  .     m - +0 pair of gloves
SustAt .         Harm     .     (no boots)
MR     .....                    u - amulet of the gourmand
Stlth  ..........               F - ring of protection from cold
                                x - ring of flight

@: mighty, exhausted, corroded, slowed, very slow, not resistant to hostile
enchantments, extremely unstealthy
A: no striking features
a: Berserk, Trog's Hand, Brothers in Arms, Burn Spellbooks, Renounce Religion,
Convert to Beogh, Evoke Flight


You were on level 2 of the Orcish Mines.
You worshipped Trog.
Trog was extremely pleased with you.
You were very full.

You visited 3 branches of the dungeon, and saw 15 of its levels.

You collected 1397 gold pieces.
You spent 48 gold pieces at shops.

Inventory:

Hand Weapons
 c - a +4 battleaxe of freezing (weapon)
 J - a +1 whip of draining
 N - a +2 flail of holy wrath
 T - a +1 longbow of flaming
Missiles
 b - 257 arrows
 A - 34 arrows of flame
 D - 5 arrows of dispersal
Armour
 d - a +0 cloak (worn)
 m - a +0 pair of gloves (worn)
 r - a +0 helmet (worn)
 I - a +0 plate armour
 L - the +5 chain mail of Eggu (worn) {rF+ Str+5 Int+2 Dex-2}
   (You found it on level 9 of the Dungeon)

   It affects your strength (+5).
   It affects your intelligence (+2).
   It affects your dexterity (-2).
   It protects you from fire.
Jewellery
 l - a +3 ring of intelligence
 u - an amulet of the gourmand (around neck)
 x - a ring of flight (left hand)
 F - a ring of protection from cold (right hand)
Wands
 e - a wand of lightning (6/15)
 g - a wand of acid (11/15)
 v - a wand of confusion (25/48)
 C - a wand of paralysis (20/24)
 H - a wand of paralysis (2/24)
 Q - a wand of acid (4/15)
 W - a wand of acid (3/15)
 X - a wand of iceblast (4/15)
Scrolls
 k - 5 scrolls of identify
 n - 3 scrolls of magic mapping
 p - 3 scrolls of remove curse
 q - 2 scrolls of fear
 t - 2 scrolls of enchant weapon
 z - 4 scrolls of recharging
 G - a scroll of blinking {unknown}
 M - a scroll of amnesia {unknown}
 V - a scroll of immolation {unknown}
 Y - a scroll of silence {unknown}
Potions
 o - 6 potions of curing
 s - a potion of flight
 P - a potion of agility
Comestibles
 a - a chunk of flesh
 f - 5 bread rations
 h - 3 beef jerkies
 w - a slice of pizza
 B - 33 fruits
 K - a royal jelly
 O - 2 meat rations


   Skills:
 + Level 12.7 Fighting
 * Level 19.0 Axes
 + Level 11.5 Armour
   Level 3.5 Shields


You had 12 spell levels left.
You didn't know any spells.

Dungeon Overview and Level Annotations

Branches:
Dungeon (12/15)            Temple (1/1) D:6            Lair (0/8) D:11
    Orc (2/2) D:9             Elf (0/3) Orc:2

Altars:
Ashenzari
Cheibriados
Dithmenos
Elyvilon
Fedhas
Gozag
Kikubaaqudgha
Makhleb
Nemelex Xobeh
Okawaru
Pakellas
Qazlal
Ru
Sif Muna
Trog
Vehumet
Xom
Yredelemnul
Zin
The Shining One

Shops:
D:10 !   D:12 *

Annotations:
D:4 Grinder
D:11 Rayvis's ghost, journeyman MiFi


Message History

* * * LOW HITPOINT WARNING * * *
The hellwing misses you.
An orc sorcerer comes into view. It is wielding a dagger.
You closely miss the orc sorcerer.
The orc sorcerer is severely wounded.
You slice the orc priest!! You freeze the orc priest.
You kill the orc priest!
Trog accepts your kill.
The orc priest shouts, "Beogh is our master!
Accept the truth or die!"
You hit the hellwing but do no damage.
The hellwing is lightly wounded.
The orc sorcerer hits you with a dagger.
* * * LOW HITPOINT WARNING * * *
The orc priest mumbles some strange prayers to Beogh against you.
Pain shoots through your body!
* * * LOW HITPOINT WARNING * * *
The hellwing hits you!
* * * LOW HITPOINT WARNING * * *
The hellwing hits you!
You die...

.....## #.# .....## #.#
......# #.# .....## #.#
. ....#####.# #..
#......##.## ....
##.#...##..## o....
#.....###..)######...###
.....## ##..))))@oo.....
......# ##..)))o4......
..##### ##############
...# ...#### ....#.##
##.....# ###....###
####.....#


You could see a hellwing, 2 orc sorcerers, an orc priest and an orc wizard.

Vanquished Creatures
  Josephine (D:11)
  A hydra (D:11)
  A centaur warrior (D:10)
  An orc high priest (Orc:2)
  An unseen horror (D:10)
  3 hill giants
  A deep elf mage (D:11)
  2 orc sorcerers (Orc:2)
  An ugly thing (D:11)
  Joseph (D:8)
  A gargoyle (D:11)
  3 centaur skeletons (D:11)
  An efreet (D:10)
  A tengu conjurer (D:10)
  5 trolls
  A two-headed ogre (Orc:1)
  A vampire (D:10)
  Sigmund (D:5)
  6 wraiths
  4 wyverns
  Eustachio (D:5)
  15 yaks
  A hippogriff (D:10)
  A vampire mosquito (D:11)
  A basilisk (D:12)
  Edmund (D:6)
  A hungry ghost (D:10)
  2 wargs (D:9)
  A porcupine (D:11)
  A water moccasin (D:12)
  2 black bears
  17 orc warriors
  2 ice beasts
  2 sky beasts
  A wasp (D:10)
  A necrophage (D:9)
  6 ogres
  9 centaurs
  An elf zombie (D:8)
  A crocodile (D:7)
  2 big kobolds (D:12)
  8 giant frogs
  3 scorpions
  A water moccasin zombie (D:8)
  A troll zombie (D:8)
  15 killer bees
  4 wights
  8 howler monkeys
  10 crimson imps
  2 human zombies (D:8)
  2 giant frog skeletons
  A giant frog zombie (D:9)
  13 orc priests
  11 hounds
  5 jellies
  3 centaur zombies
  A gnoll shaman (D:8)
  Terence (D:2)
  24 orc wizards
  4 iguanas
  A hell rat (D:11)
  A human skeleton (D:8)
  9 worker ants
  A hound zombie (D:5)
  3 mummies (D:8)
  A hound skeleton (D:10)
  A worker ant zombie (D:9)
  A howler monkey zombie (D:8)
  Robin (D:3)
  17 gnolls
  A howler monkey skeleton (D:5)
  16 adders
  A river rat (D:11)
  3 shadow imps
  2 oozes (D:1)
  An adder zombie (D:5)
  2 adder skeletons
  3 worms
  2 dart slugs (D:2)
  9 giant geckos
  52 orcs
  4 ball pythons
  3 giant cockroaches
  2 gnoll zombies (D:6)
  12 goblins
  10 hobgoblins
  10 jackals
  7 quokkas
  8 bats
  8 giant newts
  A jackal skeleton (D:6)
  20 kobolds
  A quokka zombie (D:5)
  13 rats
450 creatures vanquished.

Vanquished Creatures (others)
  A giant frog (D:10)
  3 howler monkeys (D:10)
  An adder (D:10)
  An orc (D:10)
  A plant (D:9)
7 creatures vanquished.

Grand Total: 457 creatures vanquished

Notes
Turn   | Place    | Note
--------------------------------------------------------------
     0 | D:1      | Omaping the Hill Orc Fighter began the quest for the Orb.
     0 | D:1      | Reached XP level 1. HP: 19/19 MP: 1/1
   187 | D:1      | Reached XP level 2. HP: 27/27 MP: 2/2
   375 | D:1      | Reached skill level 3 in Axes
   458 | D:1      | Reached XP level 3. HP: 28/33 MP: 3/3
   487 | D:1      | Reached skill level 4 in Axes
   927 | D:2      | Noticed Terence
   945 | D:2      | Killed Terence
   945 | D:2      | Reached skill level 5 in Axes
   945 | D:2      | Reached XP level 4. HP: 30/40 MP: 4/4
  1405 | D:2      | Found a stormy altar of Qazlal.
  1451 | D:2      | Found an opulent altar of Gozag.
  1732 | D:3      | Reached skill level 6 in Axes
  1732 | D:3      | Reached XP level 5. HP: 41/46 MP: 5/5
  1749 | D:3      | Noticed Robin
  1835 | D:3      | Killed Robin
  1912 | D:3      | Found a sacrificial altar of Ru.
  2214 | D:3      | Reached skill level 7 in Axes
  2513 | D:3      | Found a sparkling altar of Nemelex Xobeh.
  2528 | D:3      | Noticed a hippogriff
  2610 | D:4      | Reached XP level 6. HP: 49/52 MP: 6/6
  2847 | D:4      | Noticed Grinder
  2924 | D:4      | Reached skill level 8 in Axes
  3128 | D:4      | Reached skill level 9 in Axes
  3170 | D:4      | Reached XP level 7. HP: 58/58 MP: 7/7
  3324 | D:5      | Entered Level 5 of the Dungeon
  3327 | D:5      | Noticed Sigmund
  3441 | D:5      | Found a glowing golden altar of the Shining One.
  3484 | D:5      | Noticed Edmund
  3590 | D:5      | Noticed Eustachio
  3604 | D:6      | Found an oddly glowing altar of Pakellas.
  3620 | D:6      | Killed Edmund
  3669 | D:6      | Found a burning altar of Makhleb.
  3669 | D:6      | Noticed a cacodemon
  3672 | D:6      | Noticed a hellwing
  3672 | D:6      | Noticed a neqoxec
  3706 | D:6      | Reached skill level 10 in Axes
  3866 | D:6      | Found a blossoming altar of Fedhas.
  3886 | D:6      | Found a shadowy altar of Dithmenos.
  3896 | D:6      | Reached XP level 8. HP: 50/67 MP: 8/8
  4006 | D:6      | Reached skill level 5 in Fighting
  4210 | D:6      | Found a basalt altar of Yredelemnul.
  4350 | D:6      | Found a staircase to the Ecumenical Temple.
  4369 | Temple   | Entered the Ecumenical Temple
  4942 | D:7      | Reached skill level 11 in Axes
  4942 | D:7      | Reached skill level 5 in Armour
  5995 | D:7      | Reached skill level 12 in Axes
  5995 | D:7      | Reached XP level 9. HP: 68/78 MP: 9/9
  6409 | D:8      | Found an ancient bone altar of Kikubaaqudgha.
  6639 | D:8      | Reached skill level 13 in Axes
  6760 | D:8      | Noticed Joseph
  6780 | D:8      | Killed Joseph
  6930 | D:8      | Reached XP level 10. HP: 85/88 MP: 10/10
  7514 | D:9      | Reached skill level 14 in Axes
  8242 | D:9      | Found a white marble altar of Elyvilon.
  8313 | D:9      | Got a translucent chain mail
  8314 | D:9      | Identified the +5 chain mail of Eggu {rF+ Str+5 Int+2 Dex-2} (You found it on level 9 of the Dungeon)
  8333 | D:9      | Found a deep blue altar of Sif Muna.
  8486 | D:9      | Found a staircase to the Orcish Mines.
  8611 | D:9      | Found a bloodstained altar of Trog.
  8614 | D:9      | Became a worshipper of Trog the Wrathful
  8758 | D:5      | Killed Eustachio
  8762 | D:5      | Killed Sigmund
  8877 | D:5      | Found a bloodstained altar of Trog.
  9312 | D:10     | Entered Level 10 of the Dungeon
  9329 | D:10     | Reached skill level 15 in Axes
  9367 | D:10     | Reached * piety under Trog
  9667 | D:10     | Reached XP level 11. HP: 91/97 MP: 11/11
  9771 | D:10     | Found Ofarye Numo's Distillery.
  9801 | D:10     | Bought a potion of might for 48 gold pieces
 10037 | D:10     | Killed an unseen horror
 10429 | D:10     | Reached skill level 10 in Fighting
 11035 | D:10     | Noticed a centaur warrior
 11348 | D:10     | Found a shimmering altar of Xom.
 11404 | D:10     | Killed a centaur warrior
 11404 | D:10     | Reached skill level 16 in Axes
 11849 | D:11     | Reached ** piety under Trog
 12054 | D:11     | Noticed a hill giant
 12054 | D:11     | Noticed a hill giant
 12083 | D:11     | Found a staircase to the Lair.
 12083 | D:11     | Noticed a white ugly thing
 12083 | D:11     | Noticed Rayvis's ghost (journeyman MiFi)
 12084 | D:11     | Noticed a seven-headed hydra
 12477 | D:11     | Reached skill level 10 in Armour
 12606 | D:11     | Reached skill level 17 in Axes
 12636 | D:12     | Noticed a hill giant
 12788 | D:12     | Reached *** piety under Trog
 12874 | D:12     | Reached XP level 12. HP: 75/110 MP: 12/12
 13361 | D:12     | Found Qenu's Assorted Antiques.
 14204 | D:11     | Noticed Josephine
 14211 | D:11     | Killed a nine-headed hydra
 14542 | D:11     | Killed Josephine
 14542 | D:11     | Reached skill level 18 in Axes
 14588 | D:11     | Reached **** piety under Trog
 15251 | D:11     | Upgraded the game from 0.18-a0-1628-g61c6396 to 0.18-a0-1637-g109f206
 15327 | Orc:1    | Entered Level 1 of the Orcish Mines
 16001 | Orc:2    | Entered Level 2 of the Orcish Mines
 16158 | Orc:2    | Found a staircase to the Elven Halls.
 16453 | Orc:2    | Received a gift from Trog
 16536 | Orc:2    | Reached ***** piety under Trog
 16549 | Orc:2    | Received a gift from Trog
 16562 | Orc:2    | Noticed an orc high priest
 16573 | Orc:2    | Killed an orc high priest
 16573 | Orc:2    | Reached XP level 13. HP: 46/119 MP: 13/13
 16573 | Orc:2    | Reached skill level 19 in Axes
 16577 | Orc:2    | HP: 2/119 [hellwing[an orc sorcerer] (14)]
 16577 | Orc:2    | Mangled by a hellwing

Vault maps used:
D:1:      dpeg_arrival_water_temple_mockup
D:2:      lemuel_round_altar, nicolae_overflow_crystal_walls, first_bread,
          uniq_terence
D:3:      kennysheep_six_static_rooms, nemelex_altar_shiori,
          corexii_leaking_fountain, nicolae_ru_path_of_blood, uniq_robin
D:4:      uniq_grinder
D:5:      nicolae_tso_swordbearing_angel, basic_altar,
          minmay_misc_feat_four_crosses, nicolae_underground_beach,
          uniq_eustachio, uniq_edmund, uniq_sigmund
D:6:      lemuel_zombie_altar_yredelemnul, makhleb_altar_promises_db,
          nicolae_overflow_hidden_temple, overflow_temple_1_default,
          lemuel_coloured_pillars_altar, minmay_temple_entry_nine_rooms
D:8:      lemuel_mausoleum_altar_kikubaaqudgha, uniq_joseph
D:9:      corexii_shack_village, old_standard_altar, marbit_many_paths,
          lemuel_doored_altar, david_orc_3
D:10:     serial_shops, shop, grunt_tengu_nest, xom_confusion_cloud
D:11:     dpeg_lair_monsters, uniq_josephine
D:12:     serial_shops, shop
Temple:   temple_of_Zot_ovaries
Orc:2:    st_orc_mages

Skill      XL: |  1  2  3  4  5  6  7  8  9 10 11 12 13 |
---------------+----------------------------------------+-----
Axes           | 3 5 6 7 9 10 12 13 15 17 18 19 | 19.0
Fighting       | 4 6 8 9 11 12 | 12.7
Armour         | 4 5 7 8 10 11 | 11.5
Shields        | |  3.5

Action                   |  1- 3 |  4- 6 |  7- 9 | 10-12 | 13-15 || total
-------------------------+-------+-------+-------+-------+-------++-------
Melee: War axe           |    86 |   217 |   437 |   865 |       ||  1605
       Battleaxe         |       |       |       |    69 |     4 ||    73
       Flail             |       |       |       |    12 |       ||    12
Invok: Berserk           |       |       |       |     9 |       ||     9
       Trog's Hand       |       |       |       |     2 |       ||     2
       Burn Spellbooks   |       |       |       |     1 |       ||     1
Evoke: Wand              |       |       |       |     1 |       ||     1
  Use: Scroll            |     1 |     3 |     3 |    17 |       ||    24
       Potion            |     1 |     1 |     3 |    11 |       ||    16
  Eat: Chunk             |       |    23 |    13 |    51 |       ||    87
